 Dungeon Crawl Stone Soup version 0.23.2-40-g277498a (webtiles) character file.

Game seed: 12027690912099650286

188042 Fang the Warrior (level 18, -14/127 HPs)
             Began as a Gargoyle Berserker on Oct 15, 2019.
             Was the Champion of Trog.
             Blown up by an orb spider (51 damage)
             ... with an orb of destruction
             ... on level 2 of the Spider Nest.
             The game lasted 00:42:36 (33820 turns).

Fang the Warrior (Gargoyle Berserker)              Turns: 33820, Time: 00:42:37

Health: -14/127    AC: 47    Str: 28    XL:     18   Next: 8%
Magic:  18/18      EV: 13    Int: 16    God:    Trog [******]
Gold:   2582       SH:  6    Dex:  9    Spells: 17/17 levels left

rFire    + . .     SeeInvis +   a - +4 battleaxe (flame)
rCold    . . .     Gourm    .   (shield currently unavailable)
rNeg     + . .     Faith    .   b - +8 plate armour {rF+}
rPois    ∞         Spirit   .   J - +2 hat {Int+3}
rElec    +         Reflect  +   m - +2 cloak of the Thief {+Fog Slay-2 SInv Stlth+}
rCorr    .         Harm     .   E - +2 pair of gloves
MR       +++..                  (no boots)
Stlth    ..........             u - +6 amulet of reflection
HPRegen  1.31/turn              R - +4 ring of intelligence
MPRegen  0.16/turn              H - ring of stealth

@: berserk cooldown, flying, regenerating, slowed, very slow
A: big wings, negative energy resistance 1, electricity resistance, unbreathing,
petrification resistance, rot immunity, AC +13
}: 1/15 runes: decaying
a: Stop Flying, Berserk, Trog's Hand, Brothers in Arms, Renounce Religion, Evoke
Fog


You were on level 2 of the Spider Nest.
You worshipped Trog.
Trog was exalted by your worship.
You were not hungry.

You visited 6 branches of the dungeon, and saw 31 of its levels.
You visited the Abyss 1 time.
You also visited: Ossuary.

You collected 2648 gold pieces.
You spent 66 gold pieces at shops.

Inventory:

Hand Weapons
 a - a +4 battleaxe of flaming (weapon)
 K - a +0 antimagic executioner's axe
 M - the +9 broad axe of Fear {antimagic, +Blink +Rage rPois}
   (Trog gifted it to you on level 3 of the Lair of Beasts)

   It reduces the magical energy of the wielder, and disrupts the spells and
   magical abilities of those hit.
   Natural abilities and divine invocations are not affected.
   It protects you from poison.
   It lets you blink.
   It lets you go berserk.
 T - the +1 battleaxe of Savoirgh {elec, *Noise +Rage MR+++ Dex+2}
   (Trog gifted it to you on level 4 of the Swamp)

   Occasionally, upon striking a foe, it will discharge some electrical energy
   and cause terrible harm.
   It affects your dexterity (+2).
   It affects your resistance to hostile enchantments.
   It lets you go berserk.
   It may make noises in combat.
Armour
 b - a +8 plate armour of fire resistance (worn)
 m - the +2 cloak of the Thief (worn) {+Fog Slay-2 SInv Stlth+}
   (You found it on level 8 of the Dungeon)

   It affects your accuracy and damage with ranged weapons and melee attacks
   (-2).
   It lets you see invisible.
   It makes you more stealthy.
 E - a +2 pair of gloves (worn)
 J - a +2 hat of intelligence (worn)
 P - a +2 helmet of see invisible
Jewellery
 d - an uncursed amulet of rage
 u - a +6 amulet of reflection (around neck)
 H - a ring of stealth (right hand)
 Q - an uncursed ring of resist corrosion
 R - a +4 ring of intelligence (left hand)
Wands
 k - a wand of flame (93)
 p - a wand of polymorph (2)
 y - a wand of acid (10)
 z - a wand of scattershot (12)
 A - a wand of random effects (59)
 C - a wand of disintegration (33)
 F - a wand of digging (4)
 G - a wand of enslavement (5)
 I - a wand of paralysis (16)
 L - a wand of clouds (5)
 U - a wand of iceblast (8)
Scrolls
 f - 8 scrolls of magic mapping
 g - a scroll of enchant weapon
 h - 11 scrolls of teleportation
 i - a scroll of silence
 j - 14 scrolls of remove curse
 q - 14 scrolls of identify
 r - 4 scrolls of fog
 v - 2 scrolls of fear
 O - 2 scrolls of blinking
 S - a scroll of holy word
Potions
 e - 9 potions of mutation
 l - 5 potions of magic
 n - 4 potions of agility
 o - 2 potions of ambrosia
 s - 6 potions of resistance
 t - 8 potions of haste
 w - 4 potions of might
 x - 7 potions of curing
 B - 2 potions of berserk rage
 D - 2 potions of cancellation
Comestibles
 c - 27 rations


   Skills:
 * Level 18.9 Fighting
 * Level 16.3 Axes
 + Level 14.9 Armour
 + Level 11.8 Dodging


You had 17 spell levels left.
You didn't know any spells.
Your spell library was empty.

Dungeon Overview and Level Annotations

Branches:
Dungeon (15/15)            Temple (1/1) D:4            Lair (6/6) D:11
  Swamp (4/4) Lair:3       Spider (3/4) Lair:2        Slime (0/5) Lair:6
    Orc (2/2) D:11            Elf (0/3) Orc:2        Vaults (0/5) D:13
 Depths (0/5) D:15

Altars:
Ashenzari
Elyvilon
Gozag
Nemelex Xobeh
Okawaru
Trog
Zin
Beogh

Shops:
D:12 %   Orc:2 [:(*


Innate Abilities, Weirdness & Mutations

You are resistant to torment.
Your stone body is resilient. (AC +13)
You are immune to poison.
Your large and strong wings let you fly indefinitely.
You resist negative energy. (rN+)
You are resistant to electric shocks. (rElec)
You can survive without breathing.
You are immune to petrification.
You are immune to rotting.


Message History

You kill the demonic crawler!
Trog accepts your kill.
An orb spider comes into view.
The jumping spider leaps!
There is a stone staircase leading down here.
You see here a tarantella corpse.
You feel a strong urge to attack something.
A wolf spider comes into view.
The orb spider weaves a glowing orb of energy.
An orb of destruction comes into view.
You see here a jumping spider corpse.
The jumping spider leaps!
There is a stone staircase leading down here.
You see here a tarantella corpse.
You feel a strong urge to attack something.
You are no longer berserk.
You are exhausted.
You feel yourself slow down.
The jumping spider leaps!
The orb of destruction hits you!!!
You die...

### .^ ..##
##. ...##
#..)
###..^.#
#...##.#...
#####
#..s#...$.
.#.<.#
#...°.s.##
^...$#
#(.....@.#
##...#
.#..°○○○.#
#....#
#..s#####
#%$..# #.s#
#....# ....
..#... #...
..#...
#..##
###... ...
..


You could see 2 orb spiders and 2 jumping spiders.

Vanquished Creatures
  Nikola (Swamp:2)
  Rupert (Spider:1)
  Jorgrun (Orc:1)
  A tentacled monstrosity (D:13)
  3 thorn hunters
  Agnes (Spider:3)
  Frances (Spider:1)
  An orc warlord (Orc:2)
  2 very ugly things (D:13)
  2 entropy weavers
  Nessos (D:12)
  Azrael (D:12)
  Josephine (Lair:4)
  12 hydras
  A centaur warrior (D:14)
  An ice dragon (shapeshifter) (D:13)
  The ghost of SugarCubes the Cleaver, a journeyman DsAK of Lugonu (D:10)
  2 ghost crabs (Swamp:4)
  5 shambling mangroves
  4 tengu warriors
  Erica (Lair:1)
  3 two-headed ogres
  20 alligators
  An orc high priest (Orc:2)
  13 death yaks
  Sonja (Lair:5)
  Nergalle (Lair:1)
  2 large abominations
  6 unseen horrors
  A wizard (D:15)
  A spriggan druid (Swamp:4)
  9 swamp dragons
  A lindwurm (shapeshifter) (D:13)
  4 orc knights
  A necromancer (D:15)
  6 orc sorcerers
  2 orb spiders (Spider:1)
  11 ugly things
  5 wolf spiders
  A moth of wrath (Spider:1)
  2 deep elf magi
  2 cyclopes
  2 manticores
  11 elephants
  3 black mambas
  A spiny frog (shapeshifter) (D:13)
  Maurice (Orc:2)
  9 spiny frogs
  9 centaur skeletons
  A rime drake (Lair:3)
  9 komodo dragons
  2 efreet
  7 demonic crawlers
  7 trolls
  5 polar bears
  7 jumping spiders
  12 tyrant leeches
  19 hornets
  Prince Ribbit (D:5)
  15 blink frogs
  6 slime creatures
  8 bog bodies
  6 hippogriffs
  A meliai zombie (D:11)
  3 dream sheep (Lair:6)
  21 spriggans
  4 shadows
  6 tarantellas
  13 redbacks
  51 yaks
  2 wyverns
  4 wraiths (Lair:4)
  A hog (shapeshifter) (D:13)
  5 basilisks
  2 fire elementals (D:12)
  3 hogs (Lair:5)
  5 hungry ghosts
  A chaos spawn (D:13)
  Grum (Lair:1)
  A neqoxec (D:13)
  5 small abominations (D:13)
  24 vampire mosquitoes
  A steam dragon (D:11)
  2 wargs
  3 soldier ants
  15 swamp worms
  3 acid dragons
  Duvessa (D:5)
  3 hell hounds (D:12)
  13 water moccasins
  10 porcupines
  5 black bears (Lair:6)
  A hornet zombie (D:15)
  34 orc warriors
  9 swamp drakes
  6 ice beasts
  6 phantoms
  5 sky beasts
  2 starcursed masses
  A necrophage (D:11)
  An eye of draining (D:14)
  31 wolves
  11 ogres
  4 boggarts (Lair:6)
  10 centaurs
  8 crocodiles
  A big kobold (D:14)
  16 bullfrogs
  A gnoll sergeant (D:8)
  2 water moccasin zombies (Ossuary)
  Dowan (D:5)
  4 scorpions
  A wyvern skeleton (D:6)
  3 troll zombies (D:11)
  56 killer bees
  4 howler monkeys
  4 wights (D:4)
  An electric eel (Lair:3)
  4 crimson imps
  5 bullfrog zombies
  3 centaur zombies
  4 bullfrog skeletons
  5 jellies
  17 orc priests
  24 orc wizards
  3 iguanas
  Natasha (thrice) (D:2)
  Ijyb (D:5)
  16 worker ants
  3 ogre zombies (D:11)
  A hound zombie (D:7)
  A hound skeleton (D:8)
  A howler monkey zombie (D:8)
  2 mummies (Ossuary)
  4 worker ant zombies
  4 gnolls (D:8)
  15 adders
  4 shadow imps
  3 oozes
  3 adder skeletons
  4 adder zombies (Ossuary)
  9 worms
  A dart slug (D:1)
  8 leopard geckos
  86 orcs
  A ball python (D:2)
  3 giant cockroaches
  13 hobgoblins
  4 jackals
  3 quokkas
  7 bats
  4 frilled lizards
  3 gnoll zombies (Ossuary)
  15 goblins
  2 goblin skeletons (D:11)
  A goblin zombie (D:11)
  A hobgoblin skeleton (D:11)
  5 hobgoblin zombies (Ossuary)
  A jackal skeleton (D:4)
  11 kobolds
  3 kobold zombies (Ossuary)
  3 orc skeletons (D:11)
  18 orc zombies
  2 quokka skeletons
  7 rats
  3 briar patches (Swamp:1)
  2 fungi
  3 plants
1059 creatures vanquished.

Vanquished Creatures (collateral kills)
  Kirke (Lair:5)
  A thorn hunter (Swamp:4)
  7 hydras
  A shambling mangrove (Swamp:4)
  A komodo dragon (Lair:3)
  A bog body (Lair:3)
  A tyrant leech (Swamp:4)
  3 porcupines (Lair:3)
  A swamp drake (Swamp:4)
  2 crocodiles
  2 killer bees (Lair:5)
21 creatures vanquished.

Vanquished Creatures (others)
  A spriggan berserker (Swamp:4)
  A spriggan druid (Swamp:2)
  A wizard (D:15)
  An orb spider (Spider:1)
  A bog body (Swamp:4)
  An acid dragon (D:12)
  A killer bee (Lair:5)
  An orc (D:14)
  An orc zombie (D:11)
  4 briar patches (Swamp:4)
  11 fungi
  21 plants
45 creatures vanquished.

Grand Total: 1125 creatures vanquished

Notes
Turn   | Place    | Note
-------+----------+-------------------------------------------
     0 | D:1      | Fang the Gargoyle Berserker began the quest for the Orb.
     0 | D:1      | Reached XP level 1. HP: 14/14 MP: 1/1
    65 | D:1      | Reached XP level 2. HP: 15/19 MP: 2/2
   630 | D:1      | Reached XP level 3. HP: 23/23 MP: 3/3
   921 | D:2      | Reached ** piety under Trog
  1177 | D:2      | Reached XP level 4. HP: 29/29 MP: 4/4
  1345 | D:2      | Noticed Natasha
  1366 | D:2      | Killed Natasha
  1366 | D:2      | Reached skill level 4 in Fighting
  1519 | D:2      | Noticed Natasha
  1537 | D:2      | Killed Natasha
  1537 | D:2      | Reached XP level 5. HP: 16/33 MP: 5/5
  2184 | D:2      | Noticed Natasha
  2197 | D:2      | Killed Natasha
  2238 | D:3      | Reached *** piety under Trog
  2381 | D:3      | Reached XP level 6. HP: 38/39 MP: 6/6
  3037 | D:3      | Found a faded altar of an unknown god.
  3374 | D:4      | Reached skill level 5 in Fighting
  3374 | D:4      | Reached XP level 7. HP: 44/44 MP: 7/7
  3420 | D:4      | Found a staircase to the Ecumenical Temple.
  3466 | Temple   | Entered the Ecumenical Temple
  3533 | D:4      | Reached **** piety under Trog
  3730 | D:4      | Reached skill level 5 in Armour
  3807 | D:5      | Entered Level 5 of the Dungeon
  3882 | D:5      | Found a sparkling altar of Nemelex Xobeh.
  4056 | D:5      | Noticed Dowan
  4057 | D:5      | Noticed Duvessa
  4067 | D:5      | Killed Duvessa
  4067 | D:5      | Reached XP level 8. HP: 51/51 MP: 8/8
  4068 | D:5      | Killed Dowan
  4105 | D:5      | Found a glowing silver altar of Zin.
  4157 | D:5      | Found a sand-covered staircase.
  4165 | Ossuary  | Entered an ossuary
  4201 | Ossuary  | Reached skill level 6 in Fighting
  4201 | Ossuary  | Reached skill level 5 in Axes
  4452 | D:5      | Noticed Ijyb
  4466 | D:5      | Killed Ijyb
  4860 | D:5      | Noticed Prince Ribbit
  4873 | D:5      | Killed Prince Ribbit
  5415 | D:6      | Reached ***** piety under Trog
  5415 | D:6      | Received a gift from Trog
  5419 | D:6      | Reached XP level 9. HP: 56/56 MP: 9/9
  5423 | D:6      | Reached skill level 7 in Fighting
  5478 | D:6      | Reached skill level 5 in Dodging
  6256 | D:7      | Paralysed by fainting for 6 turns
  6319 | D:7      | Reached skill level 8 in Fighting
  6496 | D:7      | Found a white marble altar of Elyvilon.
  6643 | D:7      | Found an iron altar of Okawaru.
  6651 | D:7      | Found an opulent altar of Gozag.
  6736 | D:7      | Reached XP level 10. HP: 64/64 MP: 10/10
  6959 | D:8      | Found the +2 cloak of the Thief {+Fog Slay-2 SInv Stlth+}
  7280 | D:8      | Found a bloodstained altar of Trog.
  7784 | D:9      | Noticed a two-headed ogre
  7795 | D:9      | Killed a two-headed ogre
  7795 | D:9      | Reached skill level 9 in Fighting
  7858 | D:9      | Received a gift from Trog
  8231 | D:9      | Noticed an unseen horror
  8279 | D:9      | Killed an unseen horror
  8380 | D:10     | Entered Level 10 of the Dungeon
  8583 | D:10     | Reached XP level 11. HP: 65/72 MP: 11/11
  8809 | D:10     | Reached skill level 10 in Fighting
  8903 | D:10     | Found a runed translucent gate.
  8903 | D:10     | Noticed SugarCubes's ghost (journeyman DsAK)
  8904 | D:10     | Found a runed translucent gate.
  8910 | D:10     | Found a runed translucent gate.
  8911 | D:10     | Identified the +7 broad axe "Xean" {elec, MR++}
  8911 | D:10     | Identified the cursed +0 plate armour of the Oligarchy
                  | {*Slow rF+ rCorr SInv}
  8913 | D:10     | Identified the cursed +1 long sword of Diet Blood {pain,
                  | +Inv rF+ MR- Stlth+}
  8915 | D:10     | Found a roughly hewn altar of Beogh.
  9241 | D:11     | Noticed an unseen horror
  9254 | D:11     | Killed an unseen horror
  9441 | D:11     | Noticed an unseen horror
  9459 | D:11     | Killed an unseen horror
  9464 | D:11     | Noticed a two-headed ogre
  9473 | D:11     | Killed a two-headed ogre
  9487 | D:11     | Reached skill level 11 in Fighting
  9898 | D:11     | Found a staircase to the Lair.
 10089 | D:11     | Noticed an unseen horror
 10111 | D:11     | Killed an unseen horror
 10111 | D:11     | Reached skill level 10 in Armour
 10146 | D:11     | Received a gift from Trog
 10188 | D:11     | Reached XP level 12. HP: 19/80 MP: 8/12
 10677 | D:11     | Found a staircase to the Orcish Mines.
 11086 | Lair:1   | Entered Level 1 of the Lair of Beasts
 11104 | Lair:1   | Noticed Nergalle
 11128 | Lair:1   | Killed Nergalle
 11128 | Lair:1   | Reached skill level 10 in Axes
 11233 | Lair:1   | Noticed Erica
 11258 | Lair:1   | Killed Erica
 11278 | Lair:1   | Noticed Grum
 11290 | Lair:1   | Killed Grum
 11342 | Lair:1   | Reached skill level 12 in Fighting
 11765 | Lair:2   | Found a hole to the Spider Nest.
 11890 | Lair:2   | Reached ****** piety under Trog
 12640 | Lair:3   | Noticed a seven-headed hydra
 12653 | Lair:3   | Killed a ten-headed hydra
 12973 | Lair:3   | Reached XP level 13. HP: 73/87 MP: 13/13
 13088 | Lair:3   | Reached skill level 13 in Fighting
 13110 | Lair:3   | Received a gift from Trog
 13114 | Lair:3   | Got an ancient broad axe {god gift}
 13115 | Lair:3   | Identified the +9 broad axe of Fear {antimagic, +Blink
                  | +Rage rPois} (Trog gifted it to you on level 3 of the Lair
                  | of Beasts)
 13135 | Lair:3   | Found a staircase to the Swamp.
 14263 | Lair:4   | Noticed Josephine
 14286 | Lair:4   | Killed Josephine
 14290 | Lair:4   | Reached skill level 14 in Fighting
 14937 | Lair:4   | Gained mutation: Your large and strong wings let you fly
                  | indefinitely. [Gargoyle growth]
 14937 | Lair:4   | Reached XP level 14. HP: 96/96 MP: 4/14
 15294 | Lair:5   | Received a gift from Trog
 15302 | Lair:5   | Noticed Sonja
 15347 | Lair:5   | Killed Sonja
 15741 | Lair:5   | Noticed Kirke
 15769 | Lair:5   | Killed Kirke
 16139 | Lair:6   | Entered Level 6 of the Lair of Beasts
 16142 | Lair:6   | Received a gift from Trog
 16615 | Lair:6   | Reached skill level 15 in Fighting
 17465 | Lair:6   | Received a gift from Trog
 17564 | Lair:6   | Reached XP level 15. HP: 50/103 MP: 5/15
 17668 | Lair:6   | Found a staircase to the Slime Pits.
 18641 | D:10     | Killed SugarCubes's ghost
 18831 | Orc:1    | Entered Level 1 of the Orcish Mines
 18900 | D:12     | Found Ziqasic's Food Shoppe.
 18948 | D:12     | Noticed Nessos
 18959 | D:12     | Killed Nessos
 18959 | D:12     | Reached skill level 10 in Dodging
 19171 | D:12     | Received a gift from Trog
 19275 | D:12     | Noticed Azrael
 19288 | D:12     | Killed Azrael
 20082 | D:13     | Found a runed translucent door.
 20350 | D:13     | Found a gate to the Vaults.
 20366 | D:13     | Reached skill level 16 in Fighting
 20832 | D:13     | Noticed a tentacled monstrosity
 20843 | D:13     | Killed a tentacled monstrosity
 21232 | D:14     | Found a glowing silver altar of Zin.
 21483 | D:14     | Received a gift from Trog
 21697 | D:14     | Found a roughly hewn altar of Beogh.
 21702 | D:14     | Cast into level 2 of the Abyss (orc warrior)
 21836 | D:14     | Escaped the Abyss
 22161 | D:14     | Reached XP level 16. HP: 107/111 MP: 5/16
 22250 | D:15     | Entered Level 15 of the Dungeon
 22839 | D:15     | Paralysed by a wizard for 2 turns
 22911 | D:15     | Found a staircase to the Depths.
 23493 | Orc:1    | Noticed Jorgrun
 23496 | Orc:1    | Received a gift from Trog
 23631 | Orc:1    | Killed Jorgrun
 23631 | Orc:1    | Reached skill level 17 in Fighting
 23794 | Orc:2    | Entered Level 2 of the Orcish Mines
 23795 | Orc:2    | Found a staircase to the Elven Halls.
 24106 | Orc:2    | Found a roughly hewn altar of Beogh.
 24724 | Orc:2    | Noticed Maurice
 24736 | Orc:2    | Killed Maurice
 25521 | Orc:2    | Found Lohe's Book Boutique.
 25530 | Orc:2    | Found Ifeseal's Antique Armour Boutique.
 25723 | Orc:2    | Found Akit's Antique Weapon Boutique.
 25838 | Orc:2    | Found a roughly hewn altar of Beogh.
 25913 | Orc:2    | Found Eprifocs's General Store.
 25920 | Orc:2    | Bought a scroll of teleportation for 33 gold pieces
 25920 | Orc:2    | Bought a scroll of teleportation for 33 gold pieces
 26151 | Spider:1 | Entered Level 1 of the Spider Nest
 26448 | Lair:2   | Received a gift from Trog
 26659 | Spider:1 | Noticed Frances
 26673 | Spider:1 | Killed Frances
 26673 | Spider:1 | Reached skill level 15 in Axes
 26922 | Swamp:1  | Entered Level 1 of the Swamp
 27526 | Swamp:1  | Noticed a thorn hunter
 27541 | Swamp:1  | Killed a thorn hunter
 28996 | Swamp:2  | Reached XP level 17. HP: 63/119 MP: 5/17
 29271 | Swamp:2  | Noticed Nikola
 29293 | Swamp:2  | Killed Nikola
 29620 | Swamp:2  | Reached skill level 18 in Fighting
 30055 | Swamp:3  | Received a gift from Trog
 31042 | Swamp:4  | Entered Level 4 of the Swamp
 31557 | Swamp:4  | Received a gift from Trog
 31584 | Swamp:4  | Got a shimmering battleaxe {god gift}
 32195 | Swamp:4  | Got a decaying rune of Zot
 32683 | Swamp:4  | Identified the +1 battleaxe of Savoirgh {elec, *Noise +Rage
                  | MR+++ Dex+2} (Trog gifted it to you on level 4 of the
                  | Swamp)
 32949 | Spider:1 | Noticed Rupert
 32952 | Spider:1 | Paralysed by Rupert for 2 turns
 32962 | Spider:1 | Paralysed by Rupert for 3 turns
 32972 | Spider:1 | Killed Rupert
 33403 | Spider:1 | Reached XP level 18. HP: 121/127 MP: 18/18
 33693 | Spider:2 | You are sucked into a shaft!
 33693 | Spider:3 | Noticed Agnes
 33711 | Spider:3 | Killed Agnes
 33820 | Spider:2 | Blown up by an orb spider

Skill      XL: |  1  2  3  4  5  6  7  8  9 10 11 12 13 14 15 16 17 |
---------------+----------------------------------------------------+-----
Axes           | 3 4 5 6 8 9 11 12 13 14 15 16 | 16.3
Dodging        | 2 3 4 5 6 7 8 9 10 11 | 11.8
Armour         | 3 4 5 6 7 9 10 11 12 13 14 | 14.9
Fighting       | 4 5 6 8 9 11 12 14 15 16 17 18 | 18.9

Action                   |  1- 3 |  4- 6 |  7- 9 | 10-12 | 13-15 | 16-18 || total
-------------------------+-------+-------+-------+-------+-------+-------++-------
Melee: Hand axe          |   137 |   323 |   616 |       |       |       ||  1076
       Unarmed           |       |    28 |       |       |       |       ||    28
       Battleaxe         |       |       |    11 |   797 |    42 |   288 ||  1138
       Broad axe         |       |       |       |       |  1191 |   802 ||  1993
Invok: Berserk           |       |     2 |     6 |       |     8 |    11 ||    27
       Trog's Hand       |       |     1 |     1 |       |     1 |     2 ||     5
       Brothers in Arms  |       |       |       |     1 |     5 |     1 ||     7
 Abil: Evoke Fog         |       |       |       |     1 |       |       ||     1
       Fly               |       |       |       |       |     1 |       ||     1
  Use: Scroll            |       |       |    25 |     6 |     6 |     9 ||    46
       Potion            |       |       |       |       |     2 |     4 ||     6
  Eat: Chunk             |     1 |    10 |    12 |    19 |    34 |    30 ||   106
       Ration            |       |       |     4 |     4 |     2 |     6 ||    16
Armor: Animal skin       |    15 |       |       |       |       |       ||    15
       Plate armour      |   100 |   280 |   354 |   844 |  1158 |  1069 ||  3805
Dodge: Dodged            |    85 |   136 |   209 |   566 |   843 |   712 ||  2551
Block: Other             |       |    37 |   169 |   350 |   485 |   354 ||  1395
       Reflection        |       |     1 |     7 |     4 |    10 |     7 ||    29
